 Dungeon Crawl Stone Soup version 0.20.1-1-g8b1a95d (webtiles) character file.

4500 gobwax the Spear-Bearer (level 10, -4/70 HPs)
             Began as a Formicid Fighter on Sept 8, 2017.
             Was a Believer of Okawaru.
             Slain by a killer bee (6 damage)
             ... on level 8 of the Dungeon.
             The game lasted 00:14:25 (6905 turns).

gobwax the Spear-Bearer (Formicid Fighter)          Turns: 6905, Time: 00:14:27

Health: -4/70      AC: 10    Str: 20 (23) XL:     10   Next: 65%
Magic:  10/10      EV:  9    Int:  7 (9)  God:    Okawaru [**....]
Gold:   367        SH:  9    Dex:  8 (10) Spells: 9/9 levels left

rFire    . . .     SeeInvis +   C - +3 trident
rCold    + . .     Gourm    .   c - +0 shield
rNeg     . . .     Faith    .   G - +3 leather armour of Purpose {rC+ Slay+3}
rPois    .         Spirit   .   (helmet unavailable)
rElec    .         Reflect  .   t - +0 cloak
rCorr    .         Harm     .   (no gloves)
MR       ++...                  (no boots)
Stlth    +.........             (no amulet)
Regen    0.3/turn               q - +3 ring of protection
MPRegen  0.2/turn               B - ring of protection from magic (curse)

@: lethally poisoned (-4 -> -29), flying
A: permanent stasis, dig shafts and tunnels, four strong arms, antennae 3
a: Dig, Shaft Self, Heroism, Renounce Religion


You were on level 8 of the Dungeon.
You worshipped Okawaru.
Okawaru was pleased with you.
You were not hungry.

You visited 2 branches of the dungeon, and saw 9 of its levels.

You collected 367 gold pieces.

Inventory:

Hand Weapons
 a - a +0 trident
 u - a +0 halberd
 C - a +3 trident (weapon)
Armour
 b - a +0 scale mail
 c - a +0 shield (worn)
 e - a +0 plate armour
 t - a +0 cloak (worn)
 G - the +3 leather armour of Purpose (worn) {rC+ Slay+3}
   (You found it on level 7 of the Dungeon)

   It affects your accuracy and damage with ranged weapons and melee attacks
   (+3).
   It protects you from cold.
Jewellery
 i - a -5 ring of slaying
 q - a +3 ring of protection (left hand)
 v - an uncursed ring of ice
 B - a cursed ring of protection from magic (right hand)
 D - an uncursed amulet of the gourmand
Wands
 A - a wand of acid (8/15)
 K - a wand of disintegration (8/24)
Scrolls
 g - a scroll of immolation {unknown}
 j - a scroll of enchant weapon {unknown}
 m - 5 scrolls of remove curse
 n - 7 scrolls of identify
 o - 4 scrolls of amnesia {unknown}
 s - 3 scrolls of fog {unknown}
 x - a scroll of blinking {unknown}
 y - a scroll of recharging {unknown}
 F - a scroll of fear {unknown}
 H - a scroll of noise {unknown}
Potions
 d - 2 potions of degeneration
 k - a potion of haste
 w - a potion of might
 z - 2 potions of brilliance
 E - a potion of berserk rage {unknown}
Books
 I - a book of Callings

   Spells                             Type                      Level
   a - Summon Small Mammal            Summoning                    1
   b - Call Imp                       Summoning                    2
   c - Call Canine Familiar           Summoning                    3
   d - Summon Guardian Golem          Hexes/Summoning              3
   e - Summon Lightning Spire         Summoning/Air                4
   f - Summon Ice Beast               Ice/Summoning                4
 J - a book of Power

   Spells                             Type                      Level
   a - Iskenderun's Battlesphere      Conjuration/Charms           5
   b - Venom Bolt                     Conjuration/Poison           5
   c - Bolt of Magma                  Conjuration/Fire/Earth       5
   d - Iron Shot                      Conjuration/Earth            6
   e - Orb of Destruction             Conjuration                  7
   f - Spellforged Servitor           Conjuration/Summoning        7
Comestibles
 f - 9 bread rations
 l - 3 meat rations
 r - 2 fruits
 M - 2 chunks of flesh


   Skills:
 - Level 3.2 Fighting
 * Level 14.3 Polearms
 - Level 3.2 Armour
 - Level 3.6 Shields


You had 9 spell levels left.
You didn't know any spells.

Dungeon Overview and Level Annotations

Branches:
Dungeon (8/15)             Temple (1/1) D:5
   Lair: D:8-11

Altars:
Ashenzari
Cheibriados
Dithmenos
Elyvilon
Fedhas
Gozag
Kikubaaqudgha
Makhleb
Nemelex Xobeh
Okawaru
Qazlal
Ru
Sif Muna
Trog
Uskayaw
Vehumet
Xom
Zin
The Shining One
Lugonu

Shops:
D:4 [   D:6 =


Innate Abilities, Weirdness & Mutations

You cannot be hasted, slowed, berserked, paralysed or teleported.
You can dig through walls and to a lower floor.
Your four strong arms can wield two-handed weapons with a shield.
You have a pair of large antennae on your head. (SInv)


Message History

The killer bee stings you but does no damage. x2
You're too confused!
It was a potion of cancellation.
Your magical effects are unravelling.
You feel magically purged.
You feel less invigorated.
You feel less confused.
* * * LOW HITPOINT WARNING * * *
You feel sick. The killer bee closely misses you. The killer bee stings you.
* * * LOW HITPOINT WARNING * * *
The killer bee barely misses you. You block the killer bee's attack.
It was a potion of flight.
You feel very buoyant.
You fly up into the air.
* * * LOW HITPOINT WARNING * * *
You feel very sick. The killer bee stings you.
* * * LOW HITPOINT WARNING * * *
The killer bee closely misses you. The killer bee barely misses you.
The killer bee stings you.
You die...

..........#......#.#.....#
#.#.#
...(.....................#
#.#.#
†.........#....#.#...#####
#.#.#
..........#....#.#.#..#
#.#.#
...###########.#.#.##.##
#.#.# ...###
........#.##..######....
.....#
{........#.###......###.#
#....#
.......y#.###..._..###.#
#....#
.......@#...#......##...
######
{......†y..#.......###...
{.......#..#.....).# #...
########..#.....(.# #...
#.<#.....(.# #...
#.##.###..## #... #....#
##(# ##.. ###..####(##
##.. #....##..###..(


You could see 2 killer bees.

Vanquished Creatures
  Pikel (D:4)
  Grinder (D:4)
  A hippogriff (D:7)
  A spriggan (D:7)
  Eustachio (D:5)
  A black bear (D:6)
  2 orc warriors
  A sky beast (D:7)
  A slave (D:4)
  3 ice beasts (D:7)
  A necrophage (D:6)
  An ogre (D:8)
  2 centaurs
  2 big kobolds (D:8)
  2 bullfrogs
  Blork the orc (D:5)
  A water moccasin zombie (D:8)
  A scorpion (D:4)
  4 killer bees (D:8)
  3 howler monkeys
  2 bullfrog zombies
  A crimson imp (D:5)
  5 hounds
  A jelly (D:6)
  6 orc priests
  13 orc wizards
  Crazy Yiuf (D:2)
  2 bullfrog skeletons (D:5)
  3 centaur skeletons
  3 iguanas
  Jessica (D:2)
  Natasha (thrice) (D:4 D:6)
  8 worker ants
  A hound zombie (D:5)
  2 hound skeletons
  Robin (D:2)
  10 adders
  3 shadow imps
  3 oozes
  2 adder skeletons (D:5)
  3 worms
  A dart slug (D:1)
  5 leopard geckos
  23 orcs
  2 ball pythons
  3 bats
  A bat zombie (D:2)
  5 giant cockroaches
  12 goblins
  14 hobgoblins
  14 jackals
  10 kobolds
  6 quokkas
  8 frilled lizards
  2 jackal skeletons
  4 rats
  A rat zombie (D:2)
216 creatures vanquished.

Vanquished Creatures (others)
  An adder (D:4)
  4 orcs (D:4)
5 creatures vanquished.

Grand Total: 221 creatures vanquished

Notes
Turn   | Place    | Note
-------+----------+-------------------------------------------
     0 | D:1      | gobwax the Formicid Fighter began the quest for the Orb.
     0 | D:1      | Reached XP level 1. HP: 18/18 MP: 1/1
    32 | D:1      | Reached XP level 2. HP: 24/24 MP: 2/2
   162 | D:1      | Reached skill level 3 in Polearms
   184 | D:1      | Reached XP level 3. HP: 15/29 MP: 3/3
   899 | D:2      | Reached skill level 4 in Polearms
   899 | D:2      | Reached XP level 4. HP: 28/35 MP: 4/4
  1050 | D:2      | Noticed Robin
  1064 | D:2      | Killed Robin
  1145 | D:2      | Found a runed door.
  1286 | D:2      | Found an ancient bone altar of Kikubaaqudgha.
  1307 | D:2      | Noticed Jessica
  1318 | D:2      | Killed Jessica
  1318 | D:2      | Reached skill level 5 in Polearms
  1318 | D:2      | Reached XP level 5. HP: 39/41 MP: 5/5
  1396 | D:2      | Noticed Crazy Yiuf
  1403 | D:2      | Killed Crazy Yiuf
  1863 | D:2      | Found a shadowy altar of Dithmenos.
  1902 | D:2      | Reached XP level 6. HP: 46/47 MP: 6/6
  1979 | D:3      | You fall through a shaft for 2 floors!
  1979 | D:5      | Entered Level 5 of the Dungeon
  2012 | D:5      | Reached skill level 6 in Polearms
  2297 | D:4      | Found a hide-covered altar of Uskayaw.
  2300 | D:4      | Noticed Natasha
  2329 | D:4      | You fall through a shaft for 2 floors!
  2583 | D:5      | Noticed Blork the orc
  2609 | D:5      | Killed Blork the orc
  2609 | D:5      | Reached skill level 7 in Polearms
  2609 | D:5      | Reached XP level 7. HP: 44/52 MP: 7/7
  2882 | D:4      | Killed Natasha
  2882 | D:4      | Reached skill level 8 in Polearms
  2922 | D:4      | Found Cesothyj's Antique Armour Boutique.
  3024 | D:4      | Noticed Pikel
  3060 | D:4      | Killed Pikel
  3060 | D:4      | Reached skill level 9 in Polearms
  3060 | D:4      | Reached XP level 8. HP: 40/58 MP: 8/8
  3302 | D:4      | Noticed Grinder
  3329 | D:4      | Killed Grinder
  3329 | D:4      | Reached skill level 10 in Polearms
  3701 | D:4      | Reached XP level 9. HP: 64/64 MP: 9/9
  3814 | D:5      | Noticed Eustachio
  3902 | D:5      | Killed Eustachio
  3902 | D:5      | Reached skill level 11 in Polearms
  4117 | D:5      | Found a glowing golden altar of the Shining One.
  4366 | D:5      | Found a staircase to the Ecumenical Temple.
  4374 | Temple   | Entered the Ecumenical Temple
  4407 | Temple   | Became a worshipper of Warmaster Okawaru
  4534 | D:5      | Found a stormy altar of Qazlal.
  4801 | D:6      | Noticed Natasha
  4827 | D:6      | Killed Natasha
  5187 | D:6      | Reached skill level 12 in Polearms
  5384 | D:6      | Found a burning altar of Makhleb.
  5397 | D:6      | Noticed Natasha
  5406 | D:6      | Killed Natasha
  5479 | D:6      | Found Woemuibb's Jewellery Shop.
  5513 | D:6      | Found a white marble altar of Elyvilon.
  5517 | D:6      | Found a bloodstained altar of Trog.
  5528 | D:6      | Found a blossoming altar of Fedhas.
  5753 | D:7      | Reached * piety under Okawaru
  5838 | D:7      | Reached XP level 10. HP: 66/70 MP: 10/10
  5928 | D:7      | Found a shimmering altar of Xom.
  5930 | D:7      | Reached skill level 13 in Polearms
  5937 | D:7      | Got a faintly humming leather armour
  5948 | D:7      | Identified the +3 leather armour of Purpose {rC+ Slay+3} (You found it on level 7 of the Dungeon)
  5953 | D:7      | Noticed an angel
  5953 | D:7      | Found a glowing silver altar of Zin.
  6237 | D:7      | Found a shattered altar of Ashenzari.
  6681 | D:8      | Found a snail-covered altar of Cheibriados.
  6766 | D:8      | Reached skill level 14 in Polearms
  6888 | D:8      | Reached ** piety under Okawaru
  6905 | D:8      | HP: 2/70 [killer bee (4)]
  6905 | D:8      | Slain by a killer bee

Skill      XL: |  1  2  3  4  5  6  7  8  9 10 |
---------------+-------------------------------+-----
Polearms       | 3 4 5 7 9 10 12 14 | 14.3
Fighting       | |  3.2
Armour         | |  3.2
Shields        | |  3.6

Action                   |  1- 3 |  4- 6 |  7- 9 | 10-12 || total
-------------------------+-------+-------+-------+-------++-------
Melee: Trident           |   181 |   252 |   102 |   199 ||   734
       Halberd           |       |    50 |   450 |       ||   500
 Abil: Shaft Self        |       |     1 |       |       ||     1
  Use: Scroll            |     2 |       |       |     3 ||     5
       Potion            |       |     2 |     2 |     5 ||     9
  Eat: Chunk             |       |     4 |    13 |     3 ||    20
       Fruit             |       |     1 |     1 |       ||     2
Armor: Scale mail        |     8 |       |       |       ||     8
       Plate armour      |   106 |   150 |   296 |     1 ||   553
       Leather armour    |       |       |       |    48 ||    48
Dodge: Dodged            |    27 |    37 |    83 |    68 ||   215
Block: Shield            |    72 |   120 |   221 |    64 ||   477
